Map: Winter's Gate LE

Players

Mez

  • Race: Zerg Zerg
  • League: Master
  • Spawn Location: 11:00

Tutu - Winner!

  • Race: Protoss Protoss
  • League: Master
  • Spawn Location: 5:00

VOD

Have the link to the VOD?

Description

Time

  • Played on: Aug. 23, 2019, 9:19 p.m.
  • Length: 10:53
Show
View Real Time Build Order
Export as new Build Order

Mez Zerg 

Build Orders: Hatch First 

Get SALT Encoding   

  12  0:01  Drone  
  13  0:09  Drone  
  14  0:19  Overlord  
  14  0:23  Extractor  
  14  0:24  Drone  
  15  0:38  Drone x2  
  17  0:45  Drone  
  18  0:56  Hatchery  
  17  1:00  Drone  
  17  1:03  Extractor  
  17  1:11  Drone  
  18  1:20  Spawning Pool  
  17  1:29  Drone  
  17  1:30  Drone  
  19  1:43  Drone  
  20  2:09  Queen x2  
  20  2:10  Zergling x4  
  20  2:11  Drone x2  
  28  2:17  Metabolic Boost  
  28  2:29  Hatchery  
  27  2:38  Drone  
  27  2:39  Overlord  
  28  2:53  Lair  
  29  3:05  Drone  
  29  3:06  Drone x5  
  34  3:21  Overlord  
  34  3:22  Overlord  
  34  3:25  Drone  
  34  3:26  Drone  
  36  3:43  Queen  
  38  3:58  Nydus Network  
  38  4:01  Drone x14  
  51  4:06  Overlord  
  51  4:31  Overlord x3  
  51  4:47  Zergling x2  
  51  4:48  Zergling x16  
  60  4:53  Zergling x12  
  60  4:59  Zergling x2  
  69  5:00  Zergling x4  
  69  5:06  Baneling Nest  
  68  5:21  Hatchery  
  66  5:26  Zergling x18  
  75  5:37  Zergling x18  
  79  6:00  Drone x7  
  71  6:26  Queen x3  
  71  6:30  Drone x5  
  71  6:31  Drone x4  
  82  6:45  Nydus Canal  
  82  6:55  Nydus Canal  
  82  6:57  Zergling x12  
  88  7:01  Queen  
  90  7:18  Roach Warren  
  90  7:20  Centrifical Hooks  
  89  7:26  Drone x6  
  89  7:28  Overlord x6  
  95  7:53  Evolution Chamber, Drone x2  
  95  7:54  Evolution Chamber, Drone x3  
  98  7:59  Zergling x14  
  105  8:10  Spore Crawler  
  97  8:14  Spore Crawler  
  97  8:17  Spore Crawler, Extractor  
  97  8:18  Extractor  
  92  8:20  Extractor  
  92  8:22  Drone x14  
  105  8:34  Spore Crawler  
  90  9:13  Glial Reconstitution  
  90  9:17  Hatchery  
  90  9:20  Hatchery  
  88  9:31  Roach x14  
  96  9:32  Roach  
  96  9:33  Overlord  
  96  9:34  Overlord  
  96  9:35  Zergling x6  
  108  9:59  Roach x7  
  126  10:00  Roach x2  
  125  10:16  Roach x3  
  122  10:33  Roach  
  122  10:34  Roach x8  
Show
View Real Time Build Order
Export as new Build Order

Tutu Protoss - Winner!

Build Orders: 1 Gate Expand, Archon Immortal, Archon Drop 

Get SALT Encoding   

  12  0:00  Probe  
  13  0:12  Probe  
  14  0:20  Pylon  
  14  0:24  Probe  
  15  0:34  Probe  
  15  0:42  Probe  
  16  0:44  Gateway  
  16  0:49  Assimilator  
  17  0:52  Probe  
  18  1:02  Probe  
  18  1:10  Probe  
  20  1:18  Probe  
  21  1:31  Nexus  
  21  1:43  Cybernetics Core  
  21  1:52  Gateway  
  21  1:58  Assimilator  
  21  2:02  Pylon  
  21  2:04  Probe  
  22  2:17  Probe  
  23  2:27  Adept  
  23  2:29  Probe  
  26  2:31  Robotics Facility  
  26  2:40  Probe  
  27  2:44  Probe  
  27  2:45  Twilight Council  
  27  2:50  Probe  
  28  2:53  Warp Gate  
  28  2:58  Probe  
  29  3:00  Probe  
  29  3:01  Stalker  
  33  3:09  Probe  
  33  3:10  Probe  
  35  3:17  Probe  
  35  3:18  Observer  
  36  3:22  Probe  
  36  3:26  Probe, Assimilator  
  38  3:29  Assimilator  
  38  3:33  Gateway  
  39  3:36  Probe  
  39  3:40  Observer  
  41  3:42  Gateway  
  41  3:43  Probe  
  41  3:48  Probe  
  43  3:51  Pylon, Probe  
  44  3:59  Probe  
  44  4:00  Probe  
  45  4:03  Templar Archives  
  46  4:10  Probe  
  46  4:12  Probe  
  46  4:14  Pylon  
  48  4:18  Warp Prism  
  48  4:22  Probe  
  51  4:24  Probe  
  52  4:35  Pylon  
  52  4:42  High Templar x2  
  52  4:44  High Templar  
  58  4:49  Archon  
  58  4:56  Gateway  
  58  4:57  High Templar  
  58  4:59  Gateway  
  60  5:00  Probe  
  60  5:06  Archon  
  61  5:20  Adept  
  61  5:24  Immortal  
  60  5:29  Psionic Storm  
  60  5:30  Adept  
  60  5:31  Adept x2  
  70  5:36  Nexus  
  70  5:40  Pylon  
  70  5:58  Probe x2  
  70  6:02  Immortal  
  72  6:10  Probe  
  77  6:17  Pylon  
  77  6:20  Pylon  
  77  6:25  Probe  
  78  6:30  Immortal  
  78  6:35  Probe  
  78  6:37  Probe  
  80  6:40  High Templar x2  
  80  6:41  High Templar  
  80  6:46  Shield Battery  
  90  6:47  Probe  
  90  6:49  Zealot x3  
  97  7:00  Probe  
  97  7:01  Probe  
  99  7:14  Immortal  
  99  7:17  Probe x2  
  99  7:18  Forge  
  99  7:21  Forge  
  101  7:25  Pylon  
  101  7:26  Probe  
  101  7:29  Probe x2  
  108  7:36  Gateway  
  108  7:38  Gateway  
  108  7:41  Assimilator  
  108  7:42  Protoss Ground Weapons Level 1  
  108  7:43  Protoss Ground Armor Level 1  
  108  7:45  Adept, Assimilator, Charge  
  108  7:47  Zealot x3  
  116  7:53  Pylon  
  116  7:55  Pylon  
  116  7:56  Probe  
  117  7:59  Pylon  
  117  8:00  Pylon  
  117  8:10  Immortal  
  117  8:11  Probe x2  
  119  8:22  High Templar  
  119  8:23  Zealot x3, Stalker x2  
  135  8:39  Probe  
  135  8:40  Probe  
  136  8:46  Zealot, High Templar x3  
  136  8:47  Zealot x2  
  148  9:20  Pylon  
  148  9:21  Pylon  
  148  9:22  Pylon  
  148  9:24  Pylon  
  148  9:25  Pylon x2  
  148  9:30  Nexus  
  148  9:41  Zealot x2  
  148  9:43  Zealot  
  148  9:44  Zealot x5  
  150  10:11  Zealot x2  
  150  10:12  Zealot x3  
  150  10:13  Zealot x3  
  163  10:17  Probe x3  
  143  10:29  Probe x3  
  143  10:35  Stalker x4  
  143  10:36  Stalker  
  143  10:41  Probe x3  
  132  10:50  Archon  
  132  10:51  Archon  
Tags
 
Add a new tag
Caveats
  • Supply blocks, unpowered buildings, or Contaminate may cause inaccurate times.
  • Supply counts are checked every 10 seconds.